 Dungeon Crawl Stone Soup version 0.27-a0-1595-g0b823d0a13 (webtiles) character file.

Game seed: 68484491833289459

56 Anon1729 the Ducker (level 3, 0/30 HPs)
             Began as a Merfolk Monk on July 20, 2021.
             Was a Believer of the Shining One.
             Slain by Terence (9 damage)
             ... on level 2 of the Dungeon.
             The game lasted 00:03:19 (2164 turns).

Anon1729 the Ducker (Merfolk Monk)                  Turns: 2164, Time: 00:03:20

Health: 0/30       AC:  4    Str: 11    XL:     3   Next: 95%
Magic:  3/3        EV: 14    Int: 10    God:    the Shining One [**....]
Gold:   88         SH:  0    Dex: 16    Spells: 2/2 levels left

rFire    . . .     SeeInvis .     - Unarmed
rCold    . . .     Faith    .   (no shield)
rNeg     + . .     Spirit   .   a - +0 robe
rPois    .         Reflect  .   (no helmet)
rElec    .         Harm     .   (no cloak)
rCorr    .         Rampage  .   (no gloves)
Will     +....                  e - +1 pair of boots
Stlth    +.........             (no amulet)
HPRegen  0.10/turn              d - ring of willpower
MPRegen  0.08/turn              (no ring)

@: glowing
A: (nimble swimmer 2), mertail
a: Renounce Religion, Divine Shield


You were on level 2 of the Dungeon.
You worshipped the Shining One.
The Shining One was pleased with you.
You visited 1 branch of the dungeon, and saw 2 of its levels.

You collected 88 gold pieces.

Inventory:

Armour
 a - a +0 robe (worn)
 e - a +1 pair of boots (worn)
Jewellery
 d - a ring of willpower (left hand)
Scrolls
 i - a scroll of fear {unknown}
Potions
 f - a potion of magic {unknown}
 g - a potion of heal wounds {unknown}
 h - a potion of mutation {unknown}


   Skills:
 + Level 3.8 Fighting
 + Level 4.5 Dodging
 - Level 2.8 Stealth
 + Level 3.8 Unarmed Combat
 + Level 0.8 Ice Magic
 + Level 0.4 Invocations


You had 2 spell levels left.
You didn't know any spells.
Your spell library contained the following spells:

 Spells                   Type           Power      Damage    Failure   Level
 Summon Small Mammal      Summ           0%         N/A       36%         1
 Poisonous Vapours        Pois/Air       0%         N/A       50%         2
 Ozocubu's Armour         Ice            1%         N/A       63%         3
 Call Canine Familiar     Summ           0%         N/A       75%         3
 Mephitic Cloud           Conj/Pois/Air  0%         N/A       75%         3
 Summon Guardian Golem    Hex/Summ       0%         N/A       75%         3
 Freezing Cloud           Conj/Ice/Air   0%         6-21      100%        5
 Ozocubu's Refrigeration  Ice            0%         4d5       100%        7


Dungeon Overview and Level Annotations

Branches:
Dungeon (2/15)

Altars:
The Shining One

Annotations:
D:2 Terence


Innate Abilities, Weirdness & Mutations

((You are quick and stealthy near water. (Stealth+, EV+, Speed+++)))
Your lower body shifts to a powerful aquatic tail in water.


Message History

A goblin is nearby!
A goblin is nearby!
The goblin unwields a +0 club.
The goblin wields a +0 hunting sling.
The goblin shoots a sling bullet.
The sling bullet hits you.
Terence shouts!
The goblin shoots a sling bullet.
The sling bullet closely misses you.
The goblin shoots a sling bullet.
The sling bullet hits you.
Found a dagger.
The goblin unwields a +0 hunting sling.
The goblin wields a +0 club.
The goblin hits you with a +0 club.
You completely miss the goblin. The goblin completely misses you.
You punch the goblin!
You kill the goblin!
Terence hits you from afar with a +0 trident of venom!
You are poisoned.
You are too injured to fight recklessly!
You are too injured to fight recklessly!
You are too injured to fight recklessly!
You are too injured to fight recklessly!
You are too injured to fight recklessly!
You are too injured to fight recklessly!
You are too injured to fight recklessly!
You are too injured to fight recklessly!
You are too injured to fight recklessly!
Terence is nearby!
You feel sick.
You feel sick.
You feel sick.
You feel sick.
You feel sick.
You feel sick.
You feel sick.
You are no longer poisoned.
Really walk into that dispersal trap?
You enter a dispersal trap!
You blink.
Terence hits you from afar with a +0 trident of venom.
* * * LOW HITPOINT WARNING * * *
You are lethally poisoned!
It was a potion of curing.
You feel better.
Terence hits you from afar with a +0 trident of venom!
You die...

# #.# ## #.##########
... ##.##.ยง.....#
...### ##...#.#####.#
.....#####............#
................#####.#
...).#######.##@#
#.##### ...###
#.##.#####.....# ...
#.##.@...<.###.# #.
##'##.#####.# #.# ..
##...#.......###.# .
##.....########...# )
#.....[.## ##..###
#.........####...##
+.........'.......#
#.........####...##
##.......## ##..#


You could see Terence.

Vanquished Creatures
  An adder (D:2)
  A worm (D:2)
  A dart slug (D:1)
  6 ball pythons
  2 bats (D:1)
  6 endoplasms
  3 goblins
  4 hobgoblins (D:1)
  10 kobolds
  A quokka (D:1)
  3 rats (D:1)
38 creatures vanquished.

Notes
Turn   | Place    | Note
-------+----------+-------------------------------------------
     0 | D:1      | Anon1729 the Merfolk Monk began the quest for the Orb.
     0 | D:1      | Reached XP level 1. HP: 18/18 MP: 1/1
    98 | D:1      | Reached XP level 2. HP: 24/24 MP: 2/2
   609 | D:1      | Reached XP level 3. HP: 26/29 MP: 3/3
   961 | D:1      | Found a faded altar of an unknown god.
   967 | D:1      | Became a worshipper of the Shining One
   967 | D:1      | Reached * piety under the Shining One
   967 | D:1      | Reached ** piety under the Shining One
  1336 | D:2      | Noticed Terence
  2164 | D:2      | Slain by Terence

Illustrated notes

Levels and vault maps discovered:
D:1:      dpeg_arrival_rooms_with_view, layout_basic,
          dreamdust_ecumenical_altar_angels_and_demons, serial_park_tiny_pond,
          minmay_hedge_maze
D:2:      minmay_general_purpose_star, layout_loops_corners,
          chequers_decorated_corner, uniq_terence

Action                   || total
-------------------------++-------
Melee: Unarmed           ||   121
       Tailslap          ||     1
       Punch             ||     1
  Use: Potion            ||     1
 Stab: Sleeping          ||     3
Armor: Robe              ||    22
Dodge: Dodged            ||    74

Table legend: (Time is in decaauts)
 A = Elapsed time spent in this place.
 B = Non-inter-level travel time spent in this place.
 C = Inter-level travel time spent in this place.
 D = Time resting spent in this place.
 E = Time spent auto-exploring this place.
 F = Levels seen in this place.
 G = Mean time per level.
                   A        B        C        D        E       F      G
               +--------+--------+--------+--------+--------+-----+--------+
         Total |   2149 |   2123 |     26 |      0 |   1737 |   2 | 1074.5 |
       Dungeon |   2149 |   2123 |     26 |      0 |   1737 |   2 | 1074.5 |
               +--------+--------+--------+--------+--------+-----+--------+

Top non-repeatable levels by time:
     D:1: 1263 daAuts
     D:2: 885 daAuts
